Map: Stasis LE

Players

Grimreaper - Winner!

  • Race: Protoss Protoss
  • Spawn Location: 1:00

VOD

Have the link to the VOD?

Description

Time

  • Played on: Jan. 19, 2019, 7:03 p.m.
  • Length: 16:55
Show
View Real Time Build Order
Export as new Build Order

Grimreaper Protoss - Winner!

Build Orders:  

Get SALT Encoding   

  1  0:00  Probe (Chrono Boost)  
  13  0:10  Probe (Chrono Boost)  
  14  0:26  Pylon  
  14  0:32  Probe (Chrono Boost)  
  15  0:54  Probe (Chrono Boost)  
  17  1:10  Pylon  
  17  1:11  Probe (Chrono Boost)  
  17  1:28  Probe (Chrono Boost)  
  18  1:37  Gateway  
  18  1:39  Gateway  
  18  1:52  Assimilator  
  18  1:58  Probe (Chrono Boost)  
  19  2:15  Probe (Chrono Boost)  
  21  2:32  Probe (Chrono Boost)  
  21  2:35  Nexus  
  21  2:50  Cybernetics Core  
  21  3:06  Pylon  
  21  3:11  Forge  
  21  3:30  Zealot x2  
  25  3:47  Probe (Chrono Boost)  
  26  3:58  Probe (Chrono Boost)  
  26  4:09  Probe (Chrono Boost)  
  27  4:16  Protoss Ground Weapons Level 1  
  27  4:17  Probe (Chrono Boost)  
  29  4:24  Probe (Chrono Boost)  
  29  4:28  Probe (Chrono Boost)  
  32  4:41  Probe (Chrono Boost)  
  32  4:42  Probe (Chrono Boost)  
  33  4:58  Probe x2 (Chrono Boost)  
  33  4:59  Pylon  
  35  5:15  Probe x2 (Chrono Boost)  
  35  5:16  Assimilator  
  37  5:21  Warp Gate  
  37  5:28  Probe (Chrono Boost)  
  37  5:39  Twilight Council, Probe (Chrono Boost)  
  38  5:43  Probe (Chrono Boost)  
  40  5:52  Probe (Chrono Boost)  
  40  5:54  Assimilator, Probe (Chrono Boost)  
  42  6:01  Assimilator, Zealot x2  
  42  6:08  Probe (Chrono Boost)  
  42  6:09  Probe (Chrono Boost)  
  48  6:21  Photon Cannon  
  48  6:22  Photon Cannon  
  48  6:24  Photon Cannon  
  48  6:30  Shield Battery  
  48  6:32  Shield Battery  
  48  6:57  Stargate  
  48  7:01  Robotics Facility  
  49  7:10  Probe (Chrono Boost)  
  49  7:12  Probe (Chrono Boost)  
  49  7:16  Stalker  
  49  7:19  Stalker  
  54  7:21  Nexus  
  54  7:27  Probe (Chrono Boost)  
  54  7:29  Probe (Chrono Boost)  
  52  7:44  Probe (Chrono Boost)  
  52  7:46  Probe (Chrono Boost)  
  52  7:54  Protoss Ground Weapons Level 2  
  52  8:09  Gateway  
  52  8:11  Gateway  
  52  8:13  Gateway  
  52  8:15  Gateway  
  52  8:20  Gateway  
  52  8:24  Gateway  
  52  8:27  Gateway  
  52  8:34  Pylon  
  52  8:36  Pylon  
  52  8:38  Pylon  
  52  8:46  Pylon  
  52  8:49  Pylon  
  52  8:55  Stalker x2  
  56  9:04  Pylon  
  56  9:08  Pylon  
  56  9:18  Charge  
  56  9:23  Probe x2 (Chrono Boost)  
  59  9:32  Probe (Chrono Boost)  
  59  9:34  Probe x2 (Chrono Boost)  
  61  9:43  Pylon  
  61  9:45  Probe x2 (Chrono Boost)  
  61  9:49  Probe (Chrono Boost)  
  64  9:50  Assimilator  
  64  9:53  Assimilator  
  64  9:58  Stalker  
  66  10:00  Probe (Chrono Boost)  
  66  10:01  Stalker  
  66  10:02  Probe (Chrono Boost)  
  66  10:05  Probe (Chrono Boost)  
  71  10:17  Probe (Chrono Boost)  
  71  10:19  Probe (Chrono Boost)  
  73  10:22  Probe (Chrono Boost)  
  74  10:36  Probe (Chrono Boost)  
  74  10:39  Probe (Chrono Boost)  
  76  10:41  Pylon  
  76  10:45  Pylon  
  76  10:49  Pylon  
  76  10:53  Pylon  
  76  10:57  Pylon  
  76  11:05  Nexus  
  76  11:08  Stalker x4  
  76  11:09  Stalker x2  
  88  11:38  Assimilator  
  88  11:43  Probe (Chrono Boost)  
  88  11:44  Assimilator  
  88  11:46  Probe (Chrono Boost)  
  91  12:00  Probe (Chrono Boost)  
  91  12:03  Probe (Chrono Boost)  
  91  12:08  Blink  
  92  12:17  Probe (Chrono Boost)  
  94  12:20  Probe (Chrono Boost)  
  94  12:34  Probe (Chrono Boost)  
  95  12:42  Probe (Chrono Boost)  
  97  12:51  Probe (Chrono Boost)  
  97  12:53  Zealot x6  
  97  12:54  Zealot x3  
  97  12:59  Probe (Chrono Boost)  
  116  13:03  Protoss Ground Weapons Level 3  
  116  13:08  Probe (Chrono Boost)  
  117  13:16  Probe (Chrono Boost)  
  106  13:33  Probe (Chrono Boost)  
  108  13:50  Probe (Chrono Boost)  
  106  14:15  Probe (Chrono Boost)  
  104  14:32  Probe (Chrono Boost)  
  104  14:49  Probe (Chrono Boost)  
  105  15:06  Probe (Chrono Boost)  
Tags
 
Matchup
Co-op
Replay Pack
Multiplayer
Add a new tag
Caveats
  • Supply blocks, unpowered buildings, or Contaminate may cause inaccurate times.
  • Supply counts are checked every 10 seconds.